 Dungeon Crawl Stone Soup version 0.31.0-12-g77e489cdc1 (webtiles) character file.

Game seed: 5282626907194783665

391 Silvore the Cudgeller (level 6, -2/53 HPs)
             Began as a Minotaur Fighter on Feb 23, 2024.
             Slain by a black bear (7 damage)
             ... created by the rage of Trog
             ... on level 4 of the Dungeon.
             The game lasted 00:04:46 (2563 turns).

Silvore the Cudgeller (Minotaur Fighter)            Turns: 2563, Time: 00:04:46

Health: -2/53      AC:  7    Str: 20 (22) XL:     6   Next: 50%
Magic:  1/1        EV:  9    Int:  5      God:
Gold:   170        SH: 11    Dex: 10      Spells: 5/5 levels left

rFire   . . .        e - +4 eveningstar (antimagic)
rCold   . . .        c - +1 buckler
rNeg    . . .        b - +0 scale mail
rPois   .            (helmet restricted)
rElec   .            (no cloak)
rCorr   .            (no gloves)
SInv    .            (no boots)
Will    .....        g - amulet of reflection Stlth
                     (no ring)
HPRegen 0.28/turn    (no ring)
MPRegen 0.07/turn

%: reflection
@: no status effects
A: horns 2, retaliatory headbutt
a: no special abilities


You were on level 4 of the Dungeon.
You visited 1 branch of the dungeon, and saw 4 of its levels.

You collected 170 gold pieces.

Inventory:

Hand Weapons
 a - a +0 flail
 e - a +4 antimagic eveningstar (weapon)
Armour
 b - a +0 scale mail (worn)
 c - a +1 buckler (worn)
Jewellery
 g - an amulet of reflection (around neck)
 i - a ring of protection from cold
Wands
 o - a wand of roots (4)
Scrolls
 h - 2 scrolls of fear
 j - 4 scrolls of identify
 k - 3 scrolls of butterflies {unknown}
 m - a scroll of teleportation {unknown}
 n - a scroll of amnesia {unknown}
Potions
 d - 3 potions of might
 l - a potion of curing


   Skills:
 + Level 4.4 Fighting
 + Level 5.9 Maces & Flails
 + Level 4.8 Armour
 + Level 1.6 Dodging
 + Level 0.1 Stealth
 + Level 5.2 Shields


You had 5 spell levels left.
You didn't know any spells.
Your spell library was empty.

Dungeon Overview and Level Annotations

Branches:
Dungeon (4/15)
 Temple: D:4-7

Altars:
Trog
Vehumet
Wu Jian


Innate Abilities, Weirdness & Mutations

You have a pair of horns on your head.
You reflexively headbutt those who attack you in melee.


Message History

The divine experience confuses you!
You are confused. 3 black bears come into view.
There are monsters nearby!
The black bear bites you. The black bear claws you.
The black bear claws you but does no damage.
The black bear attacks as it pursues you!
The black bear closely misses you. The black bear claws you. x2
The black bear bites you.
The black bear claws you but does no damage.
The black bear barely misses you. The black bear bites you!
The black bear claws you. x2
The black bear rages.
The black bear attacks as it pursues you!
The black bear barely misses you. x2
The black bear claws you but does no damage.
The black bear bites you! The black bear claws you.
* * * LOW HITPOINT WARNING * * *
The black bear claws you.
* * * LOW HITPOINT WARNING * * *
Okay, then.
You are too confused!
Unknown command.
You feel less confused. The black bear barely misses you.
You block the black bear's attack. The black bear closely misses you.
The black bear bites you but does no damage.
You stop removing your amulet.
You block the black bear's attack. The black bear claws you.
* * * LOW HITPOINT WARNING * * *
Okay, then.
As you read the scroll of fog, it dissolves into smoke.
You block the black bear's attack. x2
The black bear claws you but does no damage.
The black bear bites you.
* * * LOW HITPOINT WARNING * * *
The black bear claws you but does no damage.
The black bear closely misses you.
The black bear attacks as it pursues you!
The black bear bites you!
You die...

.........###############
..........# ....###.#.#
...>....#h# ...######§#
#h# #§# #h# #@# #§§....#
######.#


You could see a black bear (berserk).

Vanquished Creatures
  An ogre (D:4)
  The ghost of Silvi27 the Slasher, a weakling MiGl (D:3)
  3 orc priests (D:4)
  Jessica (D:2)
  A sleepcap (D:4)
  An iguana (D:4)
  4 adders (D:3)
  2 dart slugs
  6 orcs
  5 ball pythons
  8 bats
  6 endoplasms
  4 hobgoblins
  6 kobolds
  A quokka (D:2)
  2 frilled lizards (D:1)
  6 goblins
  3 rats
61 creatures vanquished.

Notes
Turn   | Place    | Note
-------+----------+-------------------------------------------
     0 | D:1      | Silvore the Minotaur Fighter began the quest for the Orb.
     0 | D:1      | Reached XP level 1. HP: 19/19 MP: 0/0
   192 | D:1      | Reached XP level 2. HP: 27/27 MP: 1/1
   531 | D:1      | You fall into a shaft and drop 1 floor!
   705 | D:1      | Identified a scroll of acquirement
   706 | D:1      | Acquired a +4 antimagic eveningstar
   910 | D:2      | Noticed Jessica
   916 | D:2      | Killed Jessica
   917 | D:2      | Reached XP level 3. HP: 29/33 MP: 0/2
  1121 | D:2      | Found a faded altar of an unknown god.
  1447 | D:3      | Reached skill level 1 in Dodging
  1462 | D:3      | Reached XP level 4. HP: 40/40 MP: 1/3
  1512 | D:3      | Found a radiant altar of Vehumet.
  1593 | D:3      | Found an ornate altar of the Wu Jian Council.
  1685 | D:3      | Found a bloodstained altar of Trog.
  1781 | D:3      | Became a worshipper of Trog the Wrathful
  1848 | D:3      | Found a runed translucent door.
  1848 | D:3      | Noticed Silvi27's ghost (weakling MiGl)
  1859 | D:3      | Killed Silvi27's ghost
  1860 | D:3      | Reached XP level 5. HP: 32/46 MP: 1/4
  2157 | D:4      | Reached skill level 5 in Shields
  2162 | D:4      | Fell from the grace of Trog
  2245 | D:4      | Noticed an ogre
  2252 | D:4      | Killed an ogre
  2253 | D:4      | Reached skill level 5 in Maces & Flails
  2253 | D:4      | Reached XP level 6. HP: 52/52 MP: 1/5
  2563 | D:4      | Slain by a black bear

Illustrated notes

Levels and vault maps discovered:
D:1:      sevenhm_arrival_forest_fort_small_6, layout_basic
D:2:      layout_basic, shapermc_ecumenical_altar_venn, uniq_jessica
D:3:      layout_basic, pdpol_wu_jian_five_deadly_venoms,
          trog_three_pillars_becter, mainiacjoe_overflow_surrounded_room,
          ebering_ghost_sewer_d
D:4:      layout_basic, kennysheep_generic_room_2, uniq_edmund

Skill      XL: |  1  2  3  4  5 |
---------------+----------------+-----
Shields        | 4 5 |  5.2
Maces & Flails | 3 4 5 |  5.9
Armour         | 4 |  4.8
Fighting       | 4 |  4.4
Dodging        | 1 |  1.6
Stealth        | |  0.1

Action                     |  1- 3 |  4- 6 || total
---------------------------+-------+-------++-------
  Melee: Flail             |    31 |       ||    31
         Headbutt          |     7 |    12 ||    19
         Eveningstar       |    34 |    69 ||   103
 Invoke: Renounce Religion |       |     1 ||     1
    Use: Scroll            |     6 |     3 ||     9
 Armour: Scale mail        |    34 |    55 ||    89
  Dodge: Dodged            |    22 |    34 ||    56
  Block: Buckler           |    52 |    55 ||   107
         Reflection        |     2 |       ||     2
